 Dungeon Crawl Stone Soup version 0.29.1-15-g9cfb28693d (webtiles) character file.

Game seed: 3665506091560278912

213795 deadmanwalking the Sorcerer (level 18, -5/96 HPs)
             Began as a Deep Elf Conjurer on Mar 31, 2023.
             Was the Champion of Vehumet.
             Killed from afar by Roxanne (49 damage)
             ... with a crystal spear
             ... on level 2 of the Swamp on Apr 1, 2023.
             The game lasted 03:23:44 (43873 turns).

deadmanwalking the Sorcerer (Deep Elf Conjurer)    Turns: 43873, Time: 03:23:45

Health: -5/96      AC: 17    Str:  4    XL:     18   Next: 28%
Magic:  33/55      EV: 15    Int: 34    God:    Vehumet [******]
Gold:   1433       SH:  5    Dex: 19    Spells: 2/62 levels left

rFire   + + .      SeeInvis +   a - +9 lance "Wyrmbane" {slay drac, rPois rF+ rC+ AC+3}
rCold   + + .      Faith    .   (no shield)
rNeg    + . .      Spirit   .   u - +2 robe {Will+}
rPois   +          Reflect  +   R - -2 hat of the Alchemist {rElec rPois rF+ rC+ rN+ Will+ rMut rCorr}
rElec   +          Harm     .   l - +2 cloak
rCorr   +          Rampage  .   N - +5 pair of gloves of the Dwarven Hall {Int+2}
rMut    +                       v - +2 pair of boots
Will    +++..                   c - amulet of reflection
Stlth   +++.......              i - ring of magical power
HPRegen 0.26/turn               y - ring "Kounis" {Dex+6 SInv Stlth+}
MPRegen 0.34/turn

@: studying 2 skills
A: no striking features
}: 1/15 runes: serpentine
a: Renounce Religion


You were on level 2 of the Swamp.
You worshipped Vehumet.
Vehumet was exalted by your worship.
You visited 6 branches of the dungeon, and saw 29 of its levels.
You also visited: Sewer, Gauntlet, Ice Cave and Volcano.

You collected 2857 gold pieces.
You spent 1424 gold pieces at shops.

Inventory:

Hand Weapons
 a - the +9 lance "Wyrmbane" (weapon) {slay drac, rPois rF+ rC+ AC+3}
   (You found it on level 5 of the Lair of Beasts)

   It inflicts extra damage against dragons and draconians.
   AC:        It affects your AC (+3).
   rF:        It protects you from fire.
   rC:        It protects you from cold.
   rPois:     It protects you from poison.
Missiles
 s - 12 javelins
 G - 11 curare-tipped darts
 H - 4 poisoned darts
Armour
 g - a +0 cloak of poison resistance
 l - a +2 cloak (worn)
 u - a +2 robe of willpower (worn)
 v - a +2 pair of boots (worn)
 N - the +5 pair of gloves of the Dwarven Hall (worn) {Int+2}
   (You bought it in a shop on level 2 of the Orcish Mines)

   Int:       It affects your intelligence (+2).
 R - the -2 hat of the Alchemist (worn) {rElec rPois rF+ rC+ rN+ Will+ rMut rCorr}
   (You bought it in a shop on level 2 of the Orcish Mines)

   rF:        It protects you from fire.
   rC:        It protects you from cold.
   rElec:     It insulates you from electricity.
   rPois:     It protects you from poison.
   rN:        It protects you from negative energy.
   rCorr:     It protects you from acid and corrosion.
   rMut:      It protects you from mutation.
   Will:      It increases your willpower.
Jewellery
 c - an amulet of reflection (around neck)
 i - a ring of magical power (left hand)
 k - the amulet "Fytiengis" {Faith Int+4}
   (You found it on level 1 of the Swamp)

   [amulet of faith]

   It allows you to gain divine favour quickly.
   Int:       It affects your intelligence (+4).
 p - an amulet of regeneration
 t - a ring of flight
 y - the ring "Kounis" (right hand) {Dex+6 SInv Stlth+}
   (You found it in a Gauntlet)

   [ring of dexterity]

   Dex:       It affects your dexterity (+6).
   SInv:      It lets you see invisible.
   Stlth:     It makes you more stealthy.
Wands
 x - a wand of flame (29)
 A - a wand of acid (43)
 L - a wand of mindburst (14)
 M - a wand of iceblast (8)
 X - a wand of digging (6)
Scrolls
 b - a scroll of enchant weapon
 d - a scroll of blinking
 f - a scroll of fear
 h - 2 scrolls of poison
 m - a scroll of summoning
 n - 9 scrolls of teleportation
 o - 2 scrolls of amnesia
 r - 4 scrolls of magic mapping
 P - 3 scrolls of silence
 Z - 10 scrolls of identify
Potions
 e - 5 potions of berserk rage
 j - a potion of mutation
 q - a potion of lignification
 w - 8 potions of flight
 z - a potion of cancellation
 C - a potion of resistance
 E - 2 potions of magic
 F - 3 potions of haste
 I - 9 potions of curing
 J - 6 potions of brilliance
 Q - 6 potions of might
 W - 3 potions of heal wounds
 Y - 2 potions of ambrosia
Miscellaneous
 B - a phial of floods
 D - a tin of tremorstones (2/2)


   Skills:
 - Level 5.0 Fighting
 - Level 5.0 Dodging
 - Level 2.4 Stealth
 + Level 22.9 Spellcasting
 + Level 19.9 Conjurations
 - Level 6.0 Hexes
 - Level 6.0 Translocations
 - Level 3.1 Transmutations
 + Level 17.0 Fire Magic
 - Level 3.2 Ice Magic
 - Level 8.6 Air Magic
 - Level 8.5 Earth Magic
 - Level 2.0 Poison Magic
 - Level 5.0 Evocations


You had 2 spell levels left.
You knew the following spells:

 Your Spells              Type           Power      Damage    Failure   Level
a - Magic Dart            Conj           100%       1d8       0%          1
b - Searing Ray           Conj           100%       2d8       0%          2
c - Lightning Bolt        Conj/Air       47%        1d67      1%          5
d - Fulminant Prism       Conj/Hex       45%        3d21      1%          4
e - Iskenderun's Mystic   Conj/Tloc      91%        2d18      1%          4
f - Apportation           Tloc           100%       N/A       1%          1
g - Airstrike             Air            39%        2d(6-22)  1%          4
h - Stone Arrow           Conj/Erth      100%       3d13      0%          3
i - Foxfire               Conj/Fire      100%       2x1d9     0%          1
j - Mephitic Cloud        Conj/Pois/Air  83%        N/A       1%          3
k - Ignite Poison         Fire/Tmut/Pois 73%        N/A       1%          3
l - Freezing Cloud        Conj/Ice/Air   42%        6-21      1%          5
m - Fire Storm            Conj/Fire      52%        8d13      11%         9
n - Orb of Destruction    Conj           54%        9d14      1%          7
o - Ignition              Fire           50%        3d14      1%          8

Your spell library contained the following spells:

 Spells                   Type           Power      Damage    Failure   Level
 Shock                    Conj/Air       100%       1d9       0%          1
 Beastly Appendage        Tmut           100%       N/A       1%          1
 Necrotise                Necr           100%       1d9       1%          1
 Summon Small Mammal      Summ           100%       N/A       1%          1
 Blink                    Tloc           100%       N/A       1%          2
 Wereblood                Tmut           57%        N/A       1%          2
 Conjure Flame            Conj/Fire      100%       6-21      0%          3
 Dazzling Flash           Conj/Hex       100%       N/A       0%          3
 Sticky Flame             Conj/Fire      100%       2d11      0%          4
 Lesser Beckoning         Tloc           68%        N/A       1%          3
 Ozocubu's Armour         Ice            57%        N/A       1%          3
 Spider Form              Tmut/Pois      54%        N/A       1%          3
 Swiftness                Air            78%        N/A       1%          3
 Anguish                  Hex/Necr       28%        N/A       1%          4
 Animate Armour           Summ/Erth      100%       N/A       1%          4
 Petrify                  Tmut/Erth      68%        N/A       1%          4
 Summon Lightning Spire   Summ/Air       62%        N/A       1%          4
 Irradiate                Conj/Tmut      43%        3d26      1%          5
 Manifold Assault         Tloc           68%        N/A       1%          5
 Vampiric Draining        Necr           38%        2d8       2%          3
 Metabolic Englaciation   Hex/Ice        31%        N/A       3%          5
 Lehudib's Crystal Spear  Conj/Erth      47%        10d11     4%          8
 Blade Hands              Tmut           28%        N/A       5%          5
 Summon Forest            Summ/Tloc      28%        N/A       6%          5
 Alistair's Intoxication  Tmut/Pois      36%        N/A       7%          5
 Dispersal                Tloc           34%        N/A       10%         6
 Statue Form              Tmut/Erth      45%        N/A       10%         6
 Ozocubu's Refrigeration  Ice            28%        4d13      36%         7
 Chain Lightning          Conj/Air       47%        3d62      45%         9
 Simulacrum               Ice/Necr       25%        N/A       50%         6
 Dragon Form              Tmut           28%        N/A       86%         7
 Shatter                  Erth           38%        3d30*     99%         9


Dungeon Overview and Level Annotations

Branches:
Dungeon (15/15)            Temple (1/1) D:6            Lair (5/5) D:11
  Swamp (2/4) Lair:2        Snake (4/4) Lair:2        Slime (0/5) Lair:5
    Orc (2/2) D:12            Elf (0/3) Orc:2        Vaults (0/5) D:13
 Depths (0/4) D:15          Sewer (visited)           IceCv (visited)
Volcano (visited)         Gauntlet (visited)

Altars:
Ashenzari
Cheibriados
Dithmenos
Elyvilon
Fedhas
Gozag
Hepliaklqana
Kikubaaqudgha
Makhleb
Nemelex Xobeh
Okawaru
Qazlal
Ru
Sif Muna
Trog
Uskayaw
Vehumet
Wu Jian
Xom
Yredelemnul
Zin
The Shining One
Jiyva

Shops:
D:4 (   D:8 !   D:14 =   Orc:2 [[:[

Portals:
Trove: D:10 (give +3 gold dragon scales)

Annotations:
Swamp:2 Roxanne


Message History

Really walk into a travel-excluded area?
Casting: Lightning Bolt (safe; 1% risk of failure)
Confirm with . or Enter, or press ? or * to list all spells.
You erupt in a blast of force!
The mystic blast hits Roxanne!!
Roxanne is lightly damaged.
Unknown command.
Press: ? - help, v - describe, . - travel
Here: Roxanne (lightly damaged)
The floor.
Casting: Iskenderun's Mystic Blast (safe; 1% risk of failure)
Confirm with . or Enter, or press ? or * to list all spells.
You erupt in a blast of force!
The mystic blast hits Roxanne!!
Roxanne is moderately damaged.
Roxanne mumbles some strange words.
The bolt of magma hits you!! You partially resist.
Unknown command.
Casting: Iskenderun's Mystic Blast (safe; 1% risk of failure)
Confirm with . or Enter, or press ? or * to list all spells.
You erupt in a blast of force!
The mystic blast hits Roxanne!
Roxanne is moderately damaged.
Unknown command.
Casting: Iskenderun's Mystic Blast (safe; 1% risk of failure)
Confirm with . or Enter, or press ? or * to list all spells.
You erupt in a blast of force!
The mystic blast hits Roxanne!
Roxanne is moderately damaged.
Roxanne mumbles some strange words.
The crystal spear hits you!!
Casting: Iskenderun's Mystic Blast (safe; 1% risk of failure)
Confirm with . or Enter, or press ? or * to list all spells.
You erupt in a blast of force!
The mystic blast hits Roxanne!!
Roxanne is heavily damaged.
Casting: Iskenderun's Mystic Blast (safe; 1% risk of failure)
Confirm with . or Enter, or press ? or * to list all spells.
You erupt in a blast of force!
The mystic blast hits Roxanne but does no damage.
Roxanne is heavily damaged.
Roxanne casts a spell.
The crystal spear hits you!!!
Ouch! That really hurt!
You die...

♣.♣.♣.♣ ♣♣ ♣♣..♣♣.
♣.♣.♣.♣ ♣ ♣~~~...♣
♣.♣.♣.♣ ♣ ♣...~...
♣♣♣♣.♣.♣.♣♣♣♣♣ ♣~....~
♣♣....♣.♣....♣~
♣♣.§~~~.♣♣..♣♣♣♣.♣♣♣♣...
♣~§~~.~~~~..♣♣♣♣.♣♣.♣~..
♣.~~.~.♣.....~♣♣.♣♣.....
♣.~~...@.~~~.~♣♣.♣♣.....
♣~~~.8.♣~.§§.~♣....~~..♣
♣~§§...♣♣..~~......~~♣♣.
♣♣~...♣♣..~~~.~.~~.~♣♣♣.
♣♣.........~~~~~.♣♣♣ ♣.
♣..~~~.♣♣.~~~.♣♣♣ ♣♣
♣~~~~.....~~~~♣♣♣♣♣♣♣♣
♣♣♣~~~.~~~~~~..♣♣~♣...
♣♣♣♣~~~~~~~.♣..♣~.~~


You could see Roxanne.

Vanquished Creatures
  Nikola (Snake:4)
  Jorgrun (Orc:1)
  Asterion (Snake:3)
  Gastronok (D:8)
  Agnes (D:14)
  6 nagarajas (Snake:4)
  A fenstrider witch (Swamp:2)
  Aizul (Snake:3)
  An orc warlord (Orc:2)
  3 ghouls (Swamp:2)
  Louise (Swamp:2)
  2 stone giants
  3 eleionomae
  2 bunyips
  Nessos (D:14)
  Azrael (Snake:3)
  A minotaur (Gauntlet)
  Snorg (Lair:3)
  A fire dragon (Lair:5)
  Josephine (D:15)
  Fannar (Lair:3)
  A rakshasa (D:14)
  Harold (D:11)
  14 hydras
  3 salamander tyrants
  5 boulder beetles
  5 ogre magi
  A ghost crab (Swamp:2)
  An ice dragon (D:14)
  3 catoblepae
  22 two-headed ogres
  8 alligators
  2 anacondas (Snake:4)
  A centaur warrior (D:13)
  17 naga warriors
  2 tengu warriors
  3 death yaks (Lair:5)
  Urug (Orc:1)
  18 slime creatures
  6 naga sharpshooters
  Sonja (Lair:3)
  9 shock serpents
  Amaemon (Lair:3)
  9 salamander mystics
  The ghost of coolguy69 the Cleaver, a novice HOFi (D:6)
  3 goliath frogs
  2 naga ritualists (Snake:4)
  2 bog bodies
  2 swamp dragons
  A spriggan druid (Swamp:2)
  A wizard (D:13)
  3 lindwurms
  4 mana vipers
  A necromancer (IceCv)
  A will-o-the-wisp (Swamp:1)
  18 ugly things
  An oklob plant (Lair:2)
  A shining eye (Gauntlet)
  3 cyclopes
  4 manticores
  31 salamanders
  Maurice (D:9)
  42 black mambas
  18 elephants
  4 molten gargoyles
  An orange demon (Lair:3)
  13 cane toads
  15 naga magi
  5 gargoyles
  4 guardian serpents
  An ice statue (IceCv)
  An efreet (Volcano)
  2 freezing wraiths (IceCv)
  A kobold demonologist (D:9)
  An unseen horror (D:12)
  5 rime drakes
  11 komodo dragons
  14 ice devils (IceCv)
  2 tengu conjurers
  3 anaconda simulacra (IceCv)
  A bloated husk (Swamp:1)
  5 trolls
  A hornet (shapeshifter) (D:9)
  6 tyrant leeches
  9 hornets
  16 blink frogs
  Prince Ribbit (D:8)
  A raiju (shapeshifter) (D:13)
  2 centaur simulacra (Gauntlet)
  9 spriggans
  2 dire elephant simulacra (IceCv)
  8 wraiths
  A shadow (D:11)
  64 yaks
  2 water elementals
  7 wyverns
  5 fire elementals
  2 death yak simulacra (IceCv)
  4 fire bats
  A golden eye (Gauntlet)
  14 vampire mosquitoes
  7 basilisks
  2 steam dragons
  A warg (Orc:2)
  5 swamp worms
  47 nagas
  A harpy simulacrum (IceCv)
  A hydra simulacrum (IceCv)
  16 water moccasins
  3 hell hounds (Lair:5)
  18 orc warriors
  2 swamp drakes (Swamp:2)
  Pargi (Sewer)
  4 ice beasts
  3 sky beasts
  2 black bears
  An ice dragon simulacrum (Gauntlet)
  26 ogres
  3 wolves (Lair:1)
  3 boggarts (D:15)
  A phantom (D:5)
  2 centaurs
  4 kobold brigands
  21 bullfrogs
  A necrophage (D:3)
  5 gnoll sergeants
  2 two-headed ogre simulacra (IceCv)
  4 scorpions
  3 cane toad simulacra (IceCv)
  22 wights
  An elephant simulacrum (IceCv)
  15 killer bees
  9 electric eels
  4 howler monkeys
  14 lava snakes
  3 jellies
  10 orc priests
  4 hounds
  Crazy Yiuf (D:5)
  2 gnoll boudas
  3 iguanas
  15 orc wizards
  7 polar bear simulacra (IceCv)
  A troll simulacrum (IceCv)
  7 wolf simulacra (IceCv)
  2 spriggan simulacra (IceCv)
  Robin (D:4)
  11 adders
  28 gnolls
  A shadow imp (D:5)
  3 white imps
  3 worms
  47 orcs
  6 bats
  11 endoplasms
  2 giant cockroaches
  15 goblins
  7 hobgoblins
  4 jackals (D:3)
  22 kobolds
  3 quokkas
  7 ball pythons
  5 frilled lizards
  5 rats
  A bush (D:15)
  A butterfly (Lair:5)
1042 creatures vanquished.

Vanquished Creatures (collateral kills)
  An orc priest (D:8)
  An orc (D:8)
2 creatures vanquished.

Vanquished Creatures (others)
  A bush (Lair:2)
  163 fulminant prisms
  41 fungi
  71 plants
  5 toadstools (D:13)
281 creatures vanquished.

Grand Total: 1325 creatures vanquished

Notes
Turn   | Place    | Note
-------+----------+-------------------------------------------
     0 | D:1      | deadmanwalking the Deep Elf Conjurer began the quest for
                  | the Orb.
     0 | D:1      | Reached XP level 1. HP: 10/10 MP: 6/6
   276 | D:1      | Reached XP level 2. HP: 15/15 MP: 2/8
   279 | D:1      | Learned a level 2 spell: Searing Ray
  1242 | D:2      | Reached skill level 4 in Spellcasting
  1434 | D:2      | Reached skill level 5 in Conjurations
  1434 | D:2      | Reached XP level 3. HP: 19/19 MP: 6/10
  1438 | D:2      | Learned a level 3 spell: Dazzling Flash
  1617 | D:2      | Reached skill level 1 in Hexes
  2533 | D:3      | Reached XP level 4. HP: 24/24 MP: 6/12
  2539 | D:3      | Learned a level 4 spell: Fulminant Prism
  2672 | D:3      | Found a faded altar of an unknown god.
  2831 | D:3      | Noticed an ice beast
  2882 | D:3      | Killed an ice beast
  2883 | D:3      | Reached skill level 5 in Spellcasting
  2883 | D:3      | Reached XP level 5. HP: 13/28 MP: 3/14
  2888 | D:3      | Learned a level 4 spell: Iskenderun's Mystic Blast
  3362 | D:3      | Found a hazy altar of Hepliaklqana.
  3514 | D:3      | Reached skill level 1 in Translocations
  3524 | D:3      | Reached XP level 6. HP: 32/32 MP: 2/16
  3946 | D:4      | Found Juqad's Antique Weapon Shop.
  4015 | D:4      | Noticed Robin
  4093 | D:4      | Killed Robin
  4369 | D:4      | Found a blossoming altar of Fedhas.
  4684 | D:4      | Found an opulent altar of Gozag.
  4854 | D:4      | Found a stormy altar of Qazlal.
  4979 | D:5      | Entered Level 5 of the Dungeon
  4984 | D:5      | Reached skill level 6 in Spellcasting
  5007 | D:5      | Reached XP level 7. HP: 16/36 MP: 11/18
  5007 | D:5      | Found a glowing drain.
  5016 | Sewer    | Entered a sewer
  5242 | Sewer    | Noticed Pargi
  5251 | Sewer    | Killed Pargi
  5467 | D:5      | Learned a level 1 spell: Apportation
  5474 | D:5      | Learned a level 5 spell: Lightning Bolt
  5596 | D:5      | Reached skill level 5 in Hexes
  5726 | D:5      | Reached skill level 1 in Air Magic
  6003 | D:5      | Reached skill level 7 in Spellcasting
  6078 | D:5      | Reached XP level 8. HP: 41/41 MP: 15/20
  6544 | D:5      | Found a runed translucent door.
  6545 | D:5      | Noticed Crazy Yiuf
  6585 | D:5      | Killed Crazy Yiuf
  6705 | D:6      | Found a runed translucent gate.
  6706 | D:6      | Found an opulent altar of Gozag.
  6708 | D:6      | Found a runed translucent gate.
  6708 | D:6      | Found a runed translucent gate.
  6708 | D:6      | Noticed a troll
  6710 | D:6      | Noticed coolguy69's ghost (novice HOFi)
  7666 | D:6      | Found a staircase to the Ecumenical Temple.
  7675 | Temple   | Entered the Ecumenical Temple
  8331 | D:7      | Reached skill level 8 in Spellcasting
  8687 | D:7      | Reached skill level 5 in Translocations
  8710 | D:7      | Reached XP level 9. HP: 45/45 MP: 20/23
  8984 | D:7      | Reached skill level 5 in Dodging
  8989 | D:7      | Learned a level 4 spell: Airstrike
  9099 | D:7      | Reached skill level 9 in Spellcasting
  9391 | D:7      | Reached skill level 1 in Fighting
  9806 | D:7      | Reached skill level 5 in Air Magic
  9820 | D:7      | Reached XP level 10. HP: 53/53 MP: 1/25
  9869 | D:7      | Found a shimmering blue altar of Sif Muna.
 10329 | D:8      | Reached skill level 10 in Spellcasting
 10603 | D:8      | Identified the +6 sling of Forgiveness {vorpal, +Blink rC+}
 10748 | D:8      | Learned a level 3 spell: Stone Arrow
 10843 | D:8      | Noticed Gastronok
 10855 | D:8      | Killed Gastronok
 11148 | D:8      | Found Asubra Yfovo's Distillery.
 11403 | D:8      | Noticed Prince Ribbit
 11408 | D:8      | Killed Prince Ribbit
 11463 | D:8      | Reached skill level 11 in Spellcasting
 11479 | D:8      | Reached skill level 10 in Conjurations
 12124 | D:9      | Reached XP level 11. HP: 61/61 MP: 14/28
 12174 | D:9      | Noticed Maurice
 12186 | D:9      | Killed Maurice
 12411 | D:9      | Noticed a green ugly thing
 12491 | D:9      | Killed a green ugly thing
 12613 | D:9      | Got the Parchment of Twisted Elsewhere
 12825 | D:10     | Entered Level 10 of the Dungeon
 12825 | D:10     | Noticed a two-headed ogre
 12833 | D:10     | Killed a two-headed ogre
 13090 | D:10     | Reached skill level 12 in Spellcasting
 13217 | D:10     | Found a radiant altar of Vehumet.
 13222 | D:10     | Became a worshipper of Vehumet
 13284 | D:10     | Found an ornate altar of the Wu Jian Council.
 13441 | D:10     | Found a portal to a secret trove of treasure.
 13504 | D:10     | Reached skill level 5 in Fighting
 13604 | D:11     | You fall into a shaft and drop 1 floor!
 13613 | D:12     | Noticed a boulder beetle
 13773 | D:11     | Noticed a four-headed hydra
 13777 | D:11     | Killed a four-headed hydra
 13778 | D:11     | Reached skill level 5 in Earth Magic
 13778 | D:11     | Reached skill level 5 in Evocations
 13783 | D:11     | Noticed Harold
 13785 | D:11     | Killed Harold
 13818 | D:11     | Found a frozen archway.
 13825 | D:11     | Reached XP level 12. HP: 39/68 MP: 13/30
 13835 | IceCv    | Entered an ice cave
 14040 | IceCv    | Reached * piety under Vehumet
 14040 | IceCv    | Offered knowledge of Foxfire by Vehumet.
 14052 | IceCv    | Learned a level 1 spell: Foxfire
 14260 | IceCv    | Reached skill level 1 in Fire Magic
 14568 | IceCv    | Reached skill level 13 in Spellcasting
 14891 | IceCv    | Found an ancient bone altar of Kikubaaqudgha.
 14969 | IceCv    | Reached ** piety under Vehumet
 14972 | IceCv    | Offered knowledge of Sandblast by Vehumet.
 15378 | D:11     | Noticed a six-headed hydra
 15386 | D:11     | Killed a six-headed hydra
 15429 | D:11     | Found a staircase to the Lair.
 15862 | D:11     | Learned a level 3 spell: Mephitic Cloud
 15866 | D:11     | Learned a level 3 spell: Ignite Poison
 15872 | D:11     | Learned a level 5 spell: Freezing Cloud
 16204 | Lair:1   | Entered Level 1 of the Lair of Beasts
 16205 | Lair:1   | Noticed a five-headed hydra
 16211 | Lair:1   | Killed a five-headed hydra
 16303 | Lair:1   | Reached skill level 14 in Spellcasting
 16304 | Lair:1   | Reached skill level 1 in Ice Magic
 16321 | Lair:1   | Reached skill level 1 in Transmutations
 16321 | Lair:1   | Reached skill level 5 in Fire Magic
 16321 | Lair:1   | Reached skill level 1 in Poison Magic
 16380 | Lair:1   | Reached XP level 13. HP: 72/72 MP: 13/33
 16484 | Lair:1   | Offered knowledge of Scorch by Vehumet.
 16665 | Lair:1   | Reached *** piety under Vehumet
 16945 | Lair:1   | You fall into a shaft and drop 1 floor!
 17464 | Lair:2   | Found a staircase to the Swamp.
 17479 | Lair:2   | Offered knowledge of Flame Wave by Vehumet.
 17687 | Lair:2   | Identified the ring of Deupruja {rN+ EV+4}
 17700 | Lair:2   | Reached **** piety under Vehumet
 17818 | Lair:2   | Offered knowledge of Irradiate by Vehumet.
 17853 | Lair:2   | Found a staircase to the Snake Pit.
 18288 | Lair:2   | Identified the +7 sling of the Ship {flame, rF- Str+2 Int+2
                  | SInv}
 18491 | Snake:1  | Entered Level 1 of the Snake Pit
 18530 | Lair:3   | Reached skill level 15 in Spellcasting
 18530 | Lair:3   | Noticed Sonja
 18533 | Lair:3   | Killed Sonja
 18598 | Lair:3   | Noticed Amaemon
 18617 | Lair:3   | Killed Amaemon
 18625 | Lair:3   | Noticed Fannar
 18642 | Lair:3   | Killed Fannar
 18896 | Lair:3   | Found a dark tunnel.
 18907 | Volcano  | Entered a volcano
 19214 | Volcano  | Reached XP level 14. HP: 78/78 MP: 35/35
 19265 | Volcano  | Found a radiant altar of Vehumet.
 19403 | Volcano  | Noticed a stone giant
 19409 | Volcano  | Killed a stone giant
 19495 | Volcano  | Found the +0 pair of fencer's gloves {Riposte Dex+3}
 19660 | Lair:3   | Noticed Snorg
 19664 | Lair:3   | Killed Snorg
 20113 | Lair:4   | Reached skill level 16 in Spellcasting
 20130 | Lair:3   | Learned a level 9 spell: Fire Storm
 20180 | Lair:4   | Reached ***** piety under Vehumet
 21015 | Lair:5   | Entered Level 5 of the Lair of Beasts
 21026 | Lair:5   | Offered knowledge of Conjure Ball Lightning by Vehumet.
 21329 | Lair:5   | Reached skill level 10 in Fire Magic
 21336 | Lair:5   | Found a staircase to the Slime Pits.
 21336 | Lair:5   | Found a viscous altar of Jiyva.
 21549 | Lair:5   | Reached skill level 17 in Spellcasting
 21798 | Lair:5   | Reached skill level 15 in Conjurations
 21910 | Lair:5   | Found a large runed translucent door.
 22214 | Lair:5   | Found a large runed translucent door.
 22239 | Lair:5   | Found the +8 lance "Wyrmbane" {slay drac, rPois rF+ rC+
                  | AC+3}
 23098 | D:12     | Reached XP level 15. HP: 82/82 MP: 38/38
 23413 | D:12     | Offered knowledge of Starburst by Vehumet.
 23782 | D:12     | Found a staircase to the Orcish Mines.
 24009 | Orc:1    | Entered Level 1 of the Orcish Mines
 24009 | Orc:1    | Noticed Urug
 24024 | Orc:1    | Killed Urug
 24193 | Orc:1    | Noticed Jorgrun
 24211 | Orc:1    | Killed Jorgrun
 24721 | Orc:2    | Entered Level 2 of the Orcish Mines
 24721 | Orc:2    | Found a staircase to the Elven Halls.
 24750 | Orc:2    | Noticed an orc warlord
 24757 | Orc:2    | Killed an orc warlord
 24758 | Orc:2    | Found a gate leading to a gauntlet.
 24773 | Gauntlet | Entered a Gauntlet
 24773 | Gauntlet | Found a transporter.
 24773 | Gauntlet | Found a transporter.
 24882 | Gauntlet | Found a transporter.
 24886 | Gauntlet | Found a transporter.
 24890 | Gauntlet | Found a runed translucent door.
 24890 | Gauntlet | Found a runed translucent door.
 24894 | Gauntlet | Found a transporter.
 24898 | Gauntlet | Found a transporter.
 24906 | Gauntlet | Found a transporter.
 24921 | Gauntlet | Found a runed translucent gate.
 24922 | Gauntlet | Found a transporter.
 24922 | Gauntlet | Found a runed translucent gate.
 24923 | Gauntlet | Found a runed translucent gate.
 24936 | Gauntlet | Found a transporter.
 24940 | Gauntlet | Found a transporter.
 24950 | Gauntlet | Found a transporter.
 24954 | Gauntlet | Found a transporter.
 25149 | Gauntlet | Identified the ring "Kounis" {Dex+6 SInv Stlth+}
 25254 | Gauntlet | Identified the +5 long sword of the Nexus {drain, Str-3
                  | Int+5}
 25254 | Gauntlet | Identified the ring "Xohoxt" {rN+ EV+4}
 25463 | Orc:2    | Reached skill level 18 in Spellcasting
 25748 | Orc:2    | Offered knowledge of Iron Shot by Vehumet.
 25955 | Orc:2    | Paralysed by an ogre mage for 2 turns
 26369 | Orc:2    | Found Cougoxu's Antique Armour Emporium.
 26369 | Orc:2    | Found Desufir's Book Shop.
 26370 | Orc:2    | Found Zomiponi's Armour Shop.
 26370 | Orc:2    | Found Mareuh's Armour Shoppe.
 26395 | Orc:2    | Bought a +0 plate armour for 276 gold pieces
 26395 | Orc:2    | Bought the +5 pair of gloves of the Dwarven Hall {Int+2}
                  | for 488 gold pieces
 26396 | Orc:2    | Bought the -2 hat of the Alchemist {rElec rPois rF+ rC+ rN+
                  | Will+ rMut rCorr} for 660 gold pieces
 26396 | Orc:2    | Found the -2 hat of the Alchemist {rElec rPois rF+ rC+ rN+
                  | Will+ rMut rCorr}
 26998 | D:13     | Noticed Josephine
 27219 | D:13     | Found a gate to the Vaults.
 27790 | D:14     | Noticed Nessos
 27791 | D:14     | Killed Nessos
 27836 | D:14     | Reached skill level 19 in Spellcasting
 28018 | D:14     | Noticed Agnes
 28024 | D:14     | Killed Agnes
 28321 | D:14     | Reached XP level 16. HP: 87/87 MP: 14/41
 28486 | D:14     | Found Orroab Tupso's Jewellery Shoppe.
 28959 | D:14     | Found a glowing golden altar of the Shining One.
 29226 | D:15     | Entered Level 15 of the Dungeon
 29470 | D:15     | Offered knowledge of Fireball by Vehumet.
 29986 | D:15     | Found a staircase to the Depths.
 30126 | D:15     | Killed Josephine
 30711 | Lair:1   | Identified a scroll of acquirement
 30852 | D:6      | Killed coolguy69's ghost
 31117 | Snake:1  | Reached skill level 20 in Spellcasting
 33955 | Snake:2  | Offered knowledge of Orb of Destruction by Vehumet.
 34314 | Snake:3  | Noticed Azrael
 34321 | Snake:3  | Killed Azrael
 34322 | Snake:3  | Noticed Asterion
 34933 | Snake:3  | Noticed Aizul
 34941 | Snake:3  | Killed Aizul
 35001 | Snake:3  | Reached XP level 17. HP: 92/92 MP: 18/43
 35253 | Snake:3  | Reached skill level 21 in Spellcasting
 35267 | Snake:3  | Reached skill level 15 in Fire Magic
 35628 | Snake:3  | Killed Asterion
 35898 | Snake:3  | Learned a level 7 spell: Orb of Destruction
 37355 | Snake:4  | Entered Level 4 of the Snake Pit
 37363 | Snake:4  | Noticed Nikola
 37598 | Snake:4  | Offered knowledge of Iskenderun's Battlesphere by Vehumet.
 39689 | Snake:4  | Reached skill level 22 in Spellcasting
 40106 | Snake:4  | Killed Nikola
 41188 | Snake:4  | Got a serpentine rune of Zot
 41367 | Swamp:1  | Entered Level 1 of the Swamp
 41750 | Swamp:1  | Reached XP level 18. HP: 96/96 MP: 46/46
 41758 | Swamp:1  | Reached ****** piety under Vehumet
 41814 | Swamp:1  | Offered knowledge of Ignition by Vehumet.
 41825 | Swamp:1  | Learned a level 8 spell: Ignition
 41978 | Swamp:1  | Identified the amulet "Fytiengis" {Faith Int+4}
 42518 | Swamp:2  | Noticed Louise
 42532 | Swamp:2  | Killed Louise
 43421 | Swamp:2  | Noticed Roxanne
 43873 | Swamp:2  | Killed from afar by Roxanne

Illustrated notes

Levels and vault maps discovered:
D:1:      lightli_iron_boxes, layout_loops_corners,
          nicolae_concentric_dashed_squares_wild
D:2:      layout_basic
D:3:      layout_rooms, amcnicky_altar_gilded, chequers_ecumenical_altar_twisty,
          grunt_decor_arrowhead
D:4:      layout_basic, grunt_gozag_breadcrumbs, kennysheep_little_box,
          mainiacjoe_overflow_24_doors, serial_shops, shop, uniq_robin
D:5:      layout_loops_ring, portal_sewer_entry_d, uniq_crazy_yiuf_cottage
D:6:      layout_cave_pods, minmay_temple_entry_glassed_door,
          ebering_ghost_gozag
D:7:      layout_basic, mainiacjoe_overflow_alcove_4
D:8:      minmay_s_stair_smasher, layout_loops_corners, serial_shops, shop,
          david_defended_altar_orc, uniq_prince_ribbit1, uniq_gastronok
D:9:      layout_cave_pools, grunt_tough_drop, uniq_maurice
D:10:     layout_cave_pools, kennysheep_mini_moat, mainiacjoe_overflow_alcove_2,
          nicolae_trove_entry_isolated, minmay_crystal_room
D:11:     layout_roguey, lair_entry_dummy, portal_ice_cave_rime,
          serial_bayou_lake_a, uniq_harold
D:12:     layout_small_grid, erik_orc_2
D:13:     layout_big_octagon, david_vaults_1, minmay_gold_behind_fungi,
          uniq_josephine
D:14:     dragon1_lemuel, layout_irregular_city, serial_shops, shop_fountains,
          minmay_misc_feat_tiny, nicolae_tso_carved_into_rock, uniq_agnes,
          uniq_nessos
D:15:     grunt_enter_depths_giant_problem, layout_basic, minmay_hedge_maze
Temple:   regret_index_temple_generic_petals
Lair:1:   layout_concentric_octagons, minmay_stone_trees_small
Lair:2:   minmay_lair_oklob_chamber, layout_loops_ring, swamp_mist,
          minmay_snake_entry_six_corridors, grunt_megastairs_1
Lair:3:   layout_loops_ring, nicolae_volcano_entry_batcave, uniq_fannar,
          uniq_sonja, uniq_snorg, uniq_amaemon
Lair:4:   layout_big_grid
Lair:5:   cheibrodos_lair_end_hotspot, layout_big_grid, slime_entry_1,
          serial_bayou_shore_b, infiniplex_staircase_pool, lemuel_fruit_fields,
          serial_bayou_shore_b
Swamp:1:  layout_falls_marsh, wheals_swamp_sinkhole, infiniplex_staircase_pool_2
Swamp:2:  layout_basic_swamp, nicolae_swamp_triple_paths, swamp_pool5,
          uniq_louise, uniq_roxanne
Snake:1:  layout_chambers, grunt_megastairs_2
Snake:2:  layout_concentric_octagons, nicolae_snake_salamander_stairs
Snake:3:  layout_basic, grunt_ministairs_15, uniq_azrael, uniq_aizul,
          uniq_asterion
Snake:4:  minmay_snake_end_coiled, layout_cave_town, uniq_nikola
Orc:1:    layout_diamond_mine, uniq_urug, uniq_jorgrun
Orc:2:    st_orc_ogre_mass, layout_caves, gauntlet_entry_generic,
          nicolae_orc_lava_room

Skill      XL: |  1  2  3  4  5  6  7  8  9 10 11 12 13 14 15 16 17 18 |
---------------+-------------------------------------------------------+-----
Spellcasting   | 4 5 6 7 8 9 11 12 14 15 17 19 20 22 | 22.9
Conjurations   | 5 6 7 9 10 11 12 13 15 16 18 19 | 19.9
Hexes          | 1 3 4 5 6 |  6.0
Translocations | 1 2 3 5 6 |  6.0
Air Magic      | 1 3 5 6 8 |  8.6
Dodging        | 4 5 |  5.0
Fighting       | 2 4 5 |  5.0
Earth Magic    | 2 5 7 8 |  8.5
Evocations     | 2 5 |  5.0
Fire Magic     | 5 7 10 12 14 16 17 | 17.0
Ice Magic      | 1 3 |  3.2
Transmutations | 1 3 |  3.1
Poison Magic   | 1 2 |  2.0
Stealth        | |  2.4

Action                   |  1- 3 |  4- 6 |  7- 9 | 10-12 | 13-15 | 16-18 || total
-------------------------+-------+-------+-------+-------+-------+-------++-------
Melee: Falchion          |       |       |     2 |       |       |       ||     2
       Lance             |       |       |       |       |     1 |    20 ||    21
 Fire: Sling             |       |       |       |    52 |    15 |       ||    67
 Cast: Magic Dart        |    52 |    71 |    53 |    18 |    35 |    33 ||   262
       Searing Ray       |     5 |    25 |    52 |    29 |    22 |    42 ||   175
       Fulminant Prism   |       |     3 |    22 |    59 |    48 |    31 ||   163
       Iskenderun's Myst |       |       |    21 |   103 |   270 |   266 ||   660
       Stone Arrow       |       |       |       |    36 |   109 |     7 ||   152
       Lightning Bolt    |       |       |       |    67 |    85 |   274 ||   426
       Airstrike         |       |       |       |     6 |    20 |     4 ||    30
       Freezing Cloud    |       |       |       |     2 |    44 |    55 ||   101
       Mephitic Cloud    |       |       |       |       |    13 |       ||    13
       Ignite Poison     |       |       |       |       |    11 |       ||    11
       Orb of Destructio |       |       |       |       |       |     2 ||     2
       Ignition          |       |       |       |       |       |    18 ||    18
Evoke: Wand              |       |       |     1 |    15 |     8 |     5 ||    29
       Phial of floods   |       |       |       |       |       |     1 ||     1
  Use: Scroll            |     2 |     8 |     6 |    10 |     5 |     3 ||    34
       Potion            |       |     1 |     1 |     1 |     3 |     1 ||     7
Armor: Robe              |       |    12 |    26 |    18 |    23 |    75 ||   154
Dodge: Dodged            |     1 |    17 |    34 |    55 |    59 |    81 ||   247
Block: Other             |       |       |       |       |     6 |    25 ||    31
       Reflection        |       |       |       |       |     2 |     6 ||     8
